 Dungeon Crawl Stone Soup version 0.30-a0-1053-gbd8d5ba0ad (webtiles) character file.

Game seed: 4479048069498366107

187 Hubris850 the Insei (level 5, -1/44 HPs)
             Began as a Djinni Transmuter on Apr 11, 2023.
             Slain by a wyvern (6 damage)
             ... on level 4 of the Dungeon.
             The game lasted 00:10:17 (2830 turns).

Hubris850 the Insei (Djinni Transmuter)             Turns: 2830, Time: 00:10:17

Health: -1/44      AC:  6    Str:  9    XL:     5   Next: 99%
Gold:   197        EV: 10    Int: 16    God:
                   SH:  0    Dex: 14

rFire   x . .      SeeInvis .    v - melded +3 dagger
rCold   + + +      Faith    .    (shield currently unavailable)
rNeg    . . .      Spirit   .    a - melded +0 robe
rPois   ∞          Reflect  .    g - melded +1 helmet
rElec   .          Rampage  .    k - melded +0 cloak
rCorr   .                        w - melded +0 pair of gloves
Will    .....                    (boots unavailable)
Stlth   +                        (no amulet)
HPRegen 0.27/turn                (no ring)
MPRegen 0.00/turn                (no ring)

@: ice-form, flying
A: freezing attack, flying, boosted hp, sickness immunity, large, (fire
resistance 2), (cold vulnerability 1), float, innate caster, HP casting, extra
vitality 1
a: End Transformation


You were on level 4 of the Dungeon.
You were a creature of crystalline ice.
You visited 1 branch of the dungeon, and saw 4 of its levels.

You collected 197 gold pieces.

Inventory:

Hand Weapons
 d - a +0 whip
 j - a +0 short sword
 v - a +3 dagger (melded)
Missiles
 x - 9 poisoned darts
Armour
 a - a +0 robe (melded)
 g - a +1 helmet (melded)
 k - a +0 cloak (melded)
 r - a +0 ring mail
 t - a +0 leather armour
 w - a +0 pair of gloves (melded)
 z - a +0 tower shield
Magical Staves
 l - a staff of poison
 q - a staff of death
Jewellery
 i - an amulet of faith
Scrolls
 e - 2 scrolls of identify {unknown}
 h - a scroll of blinking {unknown}
 p - a scroll of torment {unknown}
 s - a scroll of enchant weapon {unknown}
 u - a scroll of noise {unknown}
 y - a scroll of amnesia {unknown}
Potions
 b - a potion of lignification
 c - a potion of heal wounds {unknown}
 f - a potion of degeneration {unknown}
 m - a potion of curing {unknown}
 n - a potion of might {unknown}
 o - a potion of invisibility {unknown}


   Skills:
 - Level 1.0 Fighting
 - Level 3.2 Dodging
 + Level 4.5 Unarmed Combat
 + Level 3.0 Spellcasting


You knew the following spells:

 Your Spells              Type           Power      Damage    Failure   Level
a - Beastly Appendage     Tmut           24%        N/A       5%          1
b - Wereblood             Tmut           12%        N/A       9%          2
c - Spider Form           Tmut/Pois      12%        N/A       16%         3
d - Ice Form              Ice/Tmut       12%        N/A       47%         4
e - Summon Small Mammal   Summ           48%        N/A       5%          1
f - Call Imp              Summ           24%        N/A       9%          2
Your spell library was empty.

Dungeon Overview and Level Annotations

Branches:
Dungeon (4/15)
 Temple: D:4-7

Altars:


Innate Abilities, Weirdness & Mutations

You are a creature of crystalline ice.
You have a powerful freezing melee attack.
You are flying.
Your maximum health is increased.
Your armour is entirely melded.
You are incapable of wielding weapons or throwing items.
You are immune to sickness and miasma.
You are immune to poison.
((Your flesh is very heat resistant. (rF++)))
((You are vulnerable to cold. (rC-)))
You float through the air rather than walking.
You learn spells naturally, not from books.
Your magical power is your life essence.
You have superior vitality. (+4 MHP)


Message History

HP restored.
You start waiting.
Your magical contamination has completely faded away.
Casting: Ice Form (extremely dangerous; 47% risk of failure)
Confirm with . or Enter, or press ? or * to list all spells.
The spell is extremely dangerous to miscast (47% risk of failure)!
Continue anyway?
You turn into a creature of crystalline ice.
Your +3 dagger melds into your body.
Your +0 cloak melds into your body.
Your +1 helmet melds into your body.
Your +0 pair of gloves melds into your body.
Your +0 robe melds into your body.
There is an open door here.
You are a creature of crystalline ice.
You are flying.
Your flying speed is average.
Your attack delay is about 0.9.
Your damage rating with unarmed combat is about 15 (Base [12 + 4 (UC)] x 97% (Str) x 101% (Fight)).
You hit the wyvern but do no damage. The wyvern misses you.
You punch the wyvern! You freeze the wyvern.
The wyvern is heavily wounded.
The wyvern closely misses you.
You hit the wyvern. You freeze the wyvern.
The wyvern is heavily wounded.
The wyvern bites you!
The wyvern bites you but does no damage.
You hit the wyvern. You freeze the wyvern.
The wyvern is severely wounded.
The wyvern closely misses you.
You hit the wyvern but do no damage.
The wyvern is severely wounded.
The wyvern barely misses you. The wyvern bites you!
You barely miss the wyvern.
The wyvern is severely wounded.
The wyvern bites you!
* * * LOW HITPOINT WARNING * * *
You barely miss the wyvern.
The wyvern is severely wounded.
The wyvern barely misses you.
You hit the wyvern. You freeze the wyvern.
The wyvern is almost dead.
The wyvern bites you.
You die...

#.....# #.....#..... .. #
#.##.###...# ...
########.##.###..)###..#
#....#.......#..>(......
#....#.......#..........
†....#.......#..........
#....#....)..#..........
##.###'########.Yl# .
##.###.####.###'#####..#
....'........#..........
..).#........#.<........
...##..##...##..#############
#####..##...##'#######..##..##
.).............§........#....#
........................'....#
..###..##)..##..######..##...#


You could see a wyvern.

Vanquished Creatures
  A scorpion (D:4)
  3 adders
  3 gnolls
  A worm (D:2)
  2 dart slugs
  4 orcs (D:3)
  2 endoplasms
  A giant cockroach (D:2)
  6 hobgoblins
  2 jackals (D:4)
  A quokka (D:2)
  4 ball pythons
  5 bats
  2 frilled lizards
  A goblin (D:4)
  5 kobolds
  4 rats
47 creatures vanquished.

Vanquished Creatures (collateral kills)
  4 ball pythons
  4 endoplasms
  A goblin (D:2)
  2 hobgoblins (D:2)
  A bat (D:2)
  A frilled lizard (D:3)
  2 kobolds (D:2)
  A rat (D:3)
16 creatures vanquished.

Vanquished Creatures (others)
  4 fungi (D:3)
  10 plants (D:3)
14 creatures vanquished.

Grand Total: 77 creatures vanquished

Notes
Turn   | Place    | Note
-------+----------+-------------------------------------------
     0 | D:1      | Hubris850 the Djinni Transmuter began the quest for the
                  | Orb.
     0 | D:1      | Hubris850 set off with the following spells memorised:
                  | Beastly Appendage, Wereblood, Spider Form, Ice Form.
     0 | D:1      | Reached XP level 1. HP: 17/17 MP: 0/0
   129 | D:1      | Reached XP level 2. HP: 18/22 MP: 0/0
   280 | D:1      | You are sucked into a shaft and drop 1 floor!
   581 | D:2      | Reached XP level 3. HP: 21/27 MP: 0/0
   581 | D:2      | Learned a level 1 spell: Summon Small Mammal
  1063 | D:2      | Reached XP level 4. HP: 29/32 MP: 0/0
  1865 | D:3      | Reached skill level 4 in Unarmed Combat
  1936 | D:3      | Reached XP level 5. HP: 23/37 MP: 0/0
  1936 | D:3      | Learned a level 2 spell: Call Imp
  2026 | D:3      | Found a faded altar of an unknown god.
  2476 | D:4      | Identified the +1 dagger of Kecabb {heavy, *Noise rPois
                  | Dex+3}
  2671 | D:4      | Noticed a wyvern
  2830 | D:4      | Slain by a wyvern

Illustrated notes

Levels and vault maps discovered:
D:1:      lightli_arrival_noodles, layout_basic, serial_shops,
          nicolae_shop_hallway_plus, minmay_crystal_water
D:2:      layout_rooms, basic_altar
D:3:      layout_loops_cross, shapermc_ecumenical_altar_mp_urbaneastern
D:4:      layout_gridville, amcnicky_altar_gilded

Skill      XL: |  1  2  3  4  5 |
---------------+----------------+-----
Spellcasting   | 2 3 |  3.0
Dodging        | 3 |  3.2
Unarmed Combat | 4 |  4.5
Fighting       | |  1.0

Action                     |  1- 3 |  4- 6 || total
---------------------------+-------+-------++-------
  Melee: Unarmed           |    34 |    64 ||    98
         Whip              |    16 |       ||    16
         Headbutt          |     3 |       ||     3
         Punch             |     2 |     2 ||     4
         Short sword       |    60 |       ||    60
         Dagger            |       |    53 ||    53
  Throw: Dart              |       |     3 ||     3
   Cast: Beastly Appendage |     3 |       ||     3
         Summon Small Mamm |    20 |    27 ||    47
         Spider Form       |       |     2 ||     2
         Ice Form          |       |     1 ||     1
   Stab: Sleeping          |     1 |     2 ||     3
         Distracted        |       |     1 ||     1
 Armour: Robe              |    42 |    16 ||    58
         Skin              |       |     2 ||     2
  Dodge: Dodged            |    74 |    74 ||   148

Table legend: (Time is in decaauts)
 A = Elapsed time spent in this place.
 B = Non-inter-level travel time spent in this place.
 C = Inter-level travel time spent in this place.
 D = Time resting spent in this place.
 E = Time spent auto-exploring this place.
 F = Levels seen in this place.
 G = Mean time per level.
                   A        B        C        D        E       F      G
               +--------+--------+--------+--------+--------+-----+--------+
         Total |   2824 |   2787 |     37 |    768 |   1300 |   4 |  706.0 |
       Dungeon |   2824 |   2787 |     37 |    768 |   1300 |   4 |  706.0 |
               +--------+--------+--------+--------+--------+-----+--------+

Top non-repeatable levels by time:
     D:2: 1110 daAuts
     D:3: 992 daAuts
     D:4: 441 daAuts
     D:1: 280 daAuts
